Zoop, chaotic male elven Priest -..------ .....G@.(.. ...).%------ ......-- .......-- -.......-- |.........- --....%.... ---.|.|... ------. Zoop the Adept Experience level: 6 Strength: 13 Dexterity: 9 Constitution: 15 Intelligence: 10 Wisdom: 19 Charisma: 11 Health: 0(45) Energy: 62(81) Def: 11 Gold: 0 Moves: 2362 Dungeon seed: PVi2hKRuxnKLhope Game ID: Zoop_1615572296 Your Inventory: Weapons a - a blessed corroded +3 mace (weapon in hand) x - a +0 bow (alternate weapon; not wielded) A - 25 +0 arrows (in quiver) Armor e - a +0 robe (being worn) n - a burnt +0 small shield (being worn) r - a +0 dwarvish iron helm (being worn) y - a blessed +0 pair of iron shoes (being worn) Y - a blessed +0 dwarvish cloak Comestibles c - a clove of garlic d - a sprig of wolfsbane j - a pancake v - a slime mold R - 3 food rations Potions O - a blessed potion of extra healing Wands P - a wand of striking (0:0) Q - a wand of speed monster (0:6) Tools h - a tooled horn B - a partly used wax candle (lit) (0:237) F - a +0 pick-axe J - a sack K - a horn of plenty (0:19) N - 3 blessed tallow candles (0:200) S - 2 tallow candles (0:200) Gems q - a worthless piece of black glass z - a worthless piece of orange glass Contents of the sack: 280 gold pieces a +0 banded mail a +0 dwarvish cloak a cursed scroll of blank paper a scroll of confuse monster a cursed potion of fruit juice a potion of healing 4 potions of holy water a wand of enlightenment (0:11) a worthless piece of blue glass a worthless piece of red glass a worthless piece of violet glass Spells and supernatural/magical abilities: Name Level Category Fail Memory h - healing 1 healing 0% 89% p - protection 1 clerical 0% 89% W - pray for help -- divine ? -- X - turn undead -- divine ? -- Your skills at the end: Fighting Skills Weapon Skills mace [Basic] Spellcasting Skills clerical spells [Basic] Final Attributes: You were piously aligned. You were sleep resistant. You had infravision. You were protected. You are dead. Vanquished creatures: a leprechaun a gnome king a shrieker 2 gnome lords 2 gnomish wizards a little dog 3 dwarves a kobold lord 2 orc zombies an acid blob a hobbit a large kobold 3 cave spiders a yellow mold 16 gnomes 2 geckos 6 jackals 2 kobolds a lichen 2 kobold zombies 6 newts 56 creatures vanquished. Voluntary challenges: You were an atheist. You used a wielded weapon 69 times, starting on turn 22. You read items or engraved 4 times, starting on turn 50. You never genocided any monsters. You never polymorphed an object. You never changed form. You used no wishes. You never split a pudding. You never wrote Elbereth's name. You violated your moral code, losing 1 point of alignment, starting on turn 1104. Dungeon overview: The Dungeons of Doom: levels 1 to 4 Level 1 some fountains a long staircase Level 2 Level 3 a fountain Level 4 stairs to The Gnomish Mines The Gnomish Mines: levels 5 to 7 Level 5 stairs to The Dungeons of Doom Level 6 Level 7 <- You were here History has recorded: On T:1 you entered the Dungeons of Doom to retrieve the Amulet of Yendor! On T:307 you reached level 2 of The Dungeons of Doom. On T:668 you advanced to experience level 2. On T:1049 you reached level 4 of The Dungeons of Doom. On T:1311 you advanced to experience level 3. On T:1440 you reached level 1 of The Gnomish Mines. On T:1463 you advanced to experience level 4. On T:1540 you advanced to experience level 5. On T:2078 you reached level 2 of The Gnomish Mines. On T:2301 you reached level 3 of The Gnomish Mines. On T:2339 you advanced to experience level 6. Score breakdown: Gold: 280 ( 8329 points) Experience: 6 levels (12456 points) Exploration: 7 levels ( 14.29%) (10606 points) Discoveries: 6 items ( 2.10%) ( 4345 points) Valuables value: (no points given unless you survive) Artifact value: 0 ( 0 points) Variety of kills: 21 monsters ( 5.51%) ( 7043 points) Turncount: 2362 turns ( -246 points) Survival: died (score multiplied by 80%) Total score: 34026 Latest messages: The gnome lord misses. The gnome just misses! You kill the gnome lord! You kill the gnome! The golden haze around you becomes less dense. You see here a candle. You have a little trouble lifting S - a candle. You see here a bell. The gnome lord picks up a tripe ration. You see here a bow. You hit the gnome lord! The gnome lord wields an elven dagger! You hit the gnome lord! The gnome lord thrusts his elven dagger. The gnome lord hits! The golden haze around you becomes less dense. You feel better. The gnome lord thrusts his elven dagger. The gnome lord hits! The golden haze around you becomes more dense. The gnome lord thrusts his elven dagger. The gnome lord hits! You die... Final status: Goodbye Zoop the Priest, killed by a gnome lord... You died in The Gnomish Mines on dungeon level 7 with 34026 points, and 280 pieces of gold, after 2362 moves. You were level 6 with a maximum of 45 hit points when you died.